 Dungeon Crawl Stone Soup version 0.22.1-2-g9c5b331 (webtiles) character file.

3619 Yuikono the Summoner (level 10, -1/52 HPs)
             Began as a Tengu Summoner on Dec 18, 2018.
             Was a Believer of Yredelemnul.
             Slain by a killer bee (6 damage)
             ... on level 9 of the Dungeon on Dec 19, 2018.
             The game lasted 01:12:13 (11861 turns).

Yuikono the Summoner (Tengu Summoner)              Turns: 11861, Time: 01:12:14

Health: -1/52      AC:  4    Str:  8    XL:     10   Next: 11%
Magic:  2/22       EV: 13    Int: 18    God:    Yredelemnul [**....]
Gold:   321        SH:  0    Dex: 16    Spells: 7/24 levels left

rFire    . . .     SeeInvis +   E - +1 spear (flame)
rCold    . . .     Gourm    .   (no shield)
rNeg     . . .     Faith    .   a - +0 robe
rPois    +         Spirit   .   (helmet restricted)
rElec    .         Reflect  .   F - +0 cloak
rCorr    .         Harm     .   y - +0 pair of gloves of Trial and Error {SInv}
MR       .....                  (boots unavailable)
Stlth    ++........             (no amulet)
HPRegen  0.57/turn              g - ring of poison resistance
MPRegen  0.18/turn              (no ring)

@: lethally poisoned (-1 -> -2)
A: antennae 1, beak, talons 3, rugged brown scales 1, deformed body,
regeneration 1, able to fly 1
a: Fly, Animate Remains, Recall Undead Slaves, Injury Mirror, Renounce Religion


You were on level 9 of the Dungeon.
You worshipped Yredelemnul.
Yredelemnul was pleased with you.
You were hungry.

You visited 2 branches of the dungeon, and saw 10 of its levels.

You collected 486 gold pieces.
You spent 165 gold pieces at shops.

Inventory:

Hand Weapons
 i - a +0 dagger
 E - a +1 spear of flaming (weapon)
Missiles
 b - 88 arrows
 e - 159 stones (quivered)
 f - 6 tomahawks
 h - 86 sling bullets
 j - 63 poisoned needles
 u - 61 bolts
 J - 8 needles of paralysis
 P - a throwing net
Armour
 a - a +0 robe (worn)
 y - the +0 pair of gloves of Trial and Error (worn) {SInv}
   (You bought it in a shop on level 5 of the Dungeon)

   It lets you see invisible.
 A - a +0 buckler
 B - a +2 plate armour of cold resistance
 F - a +0 cloak (worn)
 G - the +3 chain mail of the Nightingale {Str+3 Slay+3}
   (You found it on level 6 of the Dungeon)

   It affects your strength (+3).
   It affects your accuracy and damage with ranged weapons and melee attacks
   (+3).
 N - a +2 shield
Magical Staves
 n - an uncursed staff of fire
 I - an uncursed staff of earth
Jewellery
 g - a ring of poison resistance (left hand)
 Q - an uncursed ring of flight {unknown}
Wands
 k - a wand of paralysis (8)
 l - a wand of iceblast (24)
 H - a wand of flame (34)
 K - a wand of disintegration (19)
 M - a wand of clouds (7)
Scrolls
 m - 5 scrolls of remove curse
 o - a scroll of fear
 p - a scroll of amnesia
 r - a scroll of fog
 s - 3 scrolls of teleportation
 x - 2 scrolls of blinking {unknown}
 C - a scroll of immolation {unknown}
 D - 2 scrolls of magic mapping
Potions
 d - 4 potions of brilliance {unknown}
 q - 2 potions of flight {unknown}
 t - a potion of ambrosia {unknown}
 v - a potion of magic {unknown}
 w - 2 potions of curing {unknown}
 z - a potion of lignification {unknown}
 L - a potion of haste {unknown}
 O - a potion of mutation
Comestibles
 c - 15 rations


   Skills:
 - Level 0.4 Fighting
 - Level 0.5 Short Blades
 - Level 1.1 Throwing
 - Level 2.9 Dodging
 - Level 2.8 Stealth
 - Level 0.8 Unarmed Combat
 + Level 7.5 Spellcasting
 - Level 11.1 Summonings
 - Level 4.8 Ice Magic
 - Level 3.0 Air Magic
 + Level 3.5 Invocations


You had 7 spell levels left.
You knew the following spells:

 Your Spells              Type           Power        Failure   Level  Hunger
a - Summon Small Mammal   Summ           ####         1%          1    None
b - Call Imp              Summ           #####...     1%          2    None
c - Call Canine Familiar  Summ           #####...     1%          3    #......
d - Summon Ice Beast      Ice/Summ       #####...     3%          4    ###....
e - Summon Guardian Gole  Hex/Summ       ####....     3%          3    #......
f - Summon Lightning Spi  Summ/Air       ####....     5%          4    ###....

Your spell library contained the following spells:

 Spells                   Type           Power        Failure   Level  Hunger


Dungeon Overview and Level Annotations

Branches:
Dungeon (9/15)             Temple (1/1) D:6            Lair (0/6) D:9
    Orc: D:9-12

Altars:
Ashenzari
Cheibriados
Dithmenos
Elyvilon
Fedhas
Gozag
Hepliaklqana
Kikubaaqudgha
Makhleb
Nemelex Xobeh
Okawaru
Qazlal
Ru
Sif Muna
Trog
Uskayaw
Vehumet
Wu Jian
Xom
Yredelemnul
Zin
The Shining One

Shops:
D:5 [   D:6 :([   D:8 (

Annotations:
D:5 3 runed doors, Boonoxut's ghost, novice GrFi; Frank's ghost, novice OpFi; strongu's ghost, novice OpGl


Innate Abilities, Weirdness & Mutations

You have a beak for a mouth.
You have claws for feet.
You can fly.
You have a pair of small antennae on your head.
You are partially covered in rugged brown scales. (AC +1, +3% HP)
Armour fits poorly on your strangely shaped body.
Your natural rate of healing is unusually fast.


Message History

Something stings your wolf.
Casting: Call Imp (safe; 1% risk of failure)
Confirm with . or Enter, or press ? or * to list all spells.
A beastly little devil appears in a puff of frigid air.
Something barely misses your wolf. The killer bee barely misses you.
Something stings your wolf but does no damage.
Your wolf closely misses the killer bee.
The killer bee stings your wolf.
Your wolf dies!
Your wolf's corpse disappears in a puff of smoke!
You closely miss the killer bee.
You peck the killer bee, but do no damage.
The killer bee is severely wounded.
The killer bee stings you!
* * * LOW HITPOINT WARNING * * *
You are more poisoned.
The killer bee poisons you! The killer bee closely misses you.
The killer bee stings you.
You die...
Your body rises from the dead as a mindless zombie.

.##.>...##...5.######.......#.
........#......#...'.hy)......
........#......#...#..Z.......
........#......#...#..y.......
........#....hy'...#.........(
.##.....#####ยง################
.#########....###.###.###..#
.##.....##.....yy5....#....#
Z.#..Z.........#@.....#....#
.Z#.....##....##..##..##'########
.['.....##....##..######...##...#
[##.....##....##..##.[.#.........
.##.....##.....#...#...#.........
...............'...'...#.........
.[......##..#####'######...####'#
.##.....##..####..##..##...###..#
.##.....##..#.....#....#.....#...


You could see 2 killer bees and a friendly white imp.

Vanquished Creatures
  A slave (D:9)
  An ice beast (D:6)
  2 ogres (D:8)
  A phantom (D:7)
  3 killer bees (D:9)
  A crimson imp (D:8)
  A bullfrog zombie (D:5)
  An orc priest (D:8)
  A centaur skeleton (D:6)
  2 hounds
  An orc wizard (D:9)
  A bullfrog skeleton (D:5)
  An iguana (D:8)
  2 worker ants (D:8)
  A hound zombie (D:7)
  3 adders
  An ooze (D:1)
  An adder skeleton (D:4)
  4 dart slugs
  3 orcs
  2 giant cockroaches
  6 goblins
  2 hobgoblins (D:2)
  6 jackals
  4 kobolds
  3 quokkas
  6 bats
  4 frilled lizards
  A quokka skeleton (D:7)
  3 rats
69 creatures vanquished.

Vanquished Creatures (collateral kills)
  2 two-headed ogres (D:9)
  Pikel (D:9)
  Maurice (D:8)
  Joseph (D:9)
  Prince Ribbit (D:8)
  A hippogriff (D:9)
  An ice beast (D:8)
  2 orc warriors (D:8)
  2 black bears
  3 phantoms
  4 ogres
  4 bullfrogs
  A gnoll sergeant (D:7)
  A scorpion (D:8)
  A jelly (D:8)
  4 killer bees (D:9)
  3 wights (D:7)
  2 howler monkeys (D:9)
  A bullfrog zombie (D:5)
  2 crimson imps
  A hound (D:7)
  An orc wizard (D:6)
  2 orc priests (D:8)
  3 iguanas
  A centaur skeleton (D:5)
  Natasha (thrice) (D:2)
  5 worker ants
  7 gnolls
  5 adders
  A worm (D:2)
  9 orcs
  2 giant cockroaches
  A goblin (D:1)
  2 hobgoblins
  8 jackals
  2 kobolds (D:3)
  2 bats
  A frilled lizard (D:2)
  A rat (D:1)
95 creatures vanquished.

Vanquished Creatures (others)
  A hippogriff zombie (D:9)
  A bullfrog (D:9)
  A big kobold zombie (D:9)
  A human skeleton (D:8)
  2 ogre zombies (D:9)
  A human zombie (D:8)
  A dwarf skeleton (D:8)
  A worker ant zombie (D:9)
  A gnoll zombie (D:7)
  A jackal (D:9)
  An orc skeleton (D:8)
  An orc zombie (D:8)
  4 withered plants (D:5)
17 creatures vanquished.

Grand Total: 181 creatures vanquished

Notes
Turn   | Place    | Note
-------+----------+-------------------------------------------
     0 | D:1      | Yuikono the Tengu Summoner began the quest for the Orb.
     0 | D:1      | Reached XP level 1. HP: 10/10 MP: 4/4
   124 | D:1      | Reached skill level 5 in Summonings
   521 | D:1      | Reached XP level 2. HP: 15/15 MP: 6/6
   525 | D:1      | Learned a level 2 spell: Call Imp
  1030 | D:2      | Noticed Natasha
  1085 | D:2      | Noticed a crimson imp
  1085 | D:2      | Killed Natasha
  1085 | D:2      | Reached XP level 3. HP: 19/19 MP: 1/7
  1090 | D:2      | Learned a level 3 spell: Call Canine Familiar
  1642 | D:2      | Noticed Natasha
  1656 | D:2      | Killed Natasha
  1656 | D:2      | Reached XP level 4. HP: 24/24 MP: 1/8
  1923 | D:2      | Noticed Natasha
  1934 | D:2      | Killed Natasha
  2882 | D:3      | Gained mutation: You can fly. [Tengu growth]
  2882 | D:3      | Reached XP level 5. HP: 15/28 MP: 4/10
  3270 | D:4      | Found an iron altar of Okawaru.
  3526 | D:4      | You fall through a shaft for 2 floors!
  3535 | D:5      | Entered Level 5 of the Dungeon
  3546 | D:5      | Reached skill level 1 in Throwing
  3546 | D:5      | Reached skill level 6 in Summonings
  4056 | D:5      | Found Winnuo's Armour Boutique.
  4073 | D:5      | Bought the cursed +0 pair of gloves of Trial and Error
                  | {SInv} for 165 gold pieces
  4743 | D:5      | Found a runed gate.
  4743 | D:5      | Found a runed gate.
  4743 | D:5      | Found a runed gate.
  4744 | D:5      | Noticed strongu's ghost (novice OpGl)
  4744 | D:5      | Noticed Boonoxut's ghost (novice GrFi)
  4745 | D:5      | Noticed Frank's ghost (novice OpFi)
  4780 | D:5      | Reached XP level 6. HP: 13/33 MP: 3/12
  5230 | D:5      | Found a sparkling altar of Nemelex Xobeh.
  6026 | D:6      | Found a staircase to the Ecumenical Temple.
  6053 | Temple   | Entered the Ecumenical Temple
  6341 | Temple   | Became a worshipper of Yredelemnul the Dark
  6694 | D:6      | Reached skill level 7 in Summonings
  6778 | D:6      | Found Viog's Weapon Shoppe.
  6881 | D:6      | Found Dick's Antique Armour Shop.
  6889 | D:6      | Noticed a phantom
  6941 | D:6      | Killed a phantom
  6941 | D:6      | Reached XP level 7. HP: 7/37 MP: 10/14
  7191 | D:6      | Learned a level 4 spell: Summon Ice Beast
  7300 | D:6      | Got an ancient chain mail
  7319 | D:6      | Identified the +3 chain mail of the Nightingale {Str+3
                  | Slay+3} (You found it on level 6 of the Dungeon)
  7331 | D:6      | Gained mutation: Armour fits poorly on your strangely
                  | shaped body. [potion of mutation]
  7331 | D:6      | Gained mutation: You have a pair of small antennae on your
                  | head. [potion of mutation]
  7331 | D:6      | Gained mutation: You are partially covered in rugged brown
                  | scales. (AC +1, +3% HP) [potion of mutation]
  7331 | D:6      | Gained mutation: Your natural rate of healing is unusually
                  | fast. [potion of mutation]
  7346 | D:6      | Found a deep blue altar of Sif Muna.
  7381 | D:6      | Reached skill level 1 in Ice Magic
  7609 | D:6      | Found Haduxiah's Book Shoppe.
  7782 | D:7      | Reached * piety under Yredelemnul
  7910 | D:7      | Learned a level 3 spell: Summon Guardian Golem
  7936 | D:7      | Got a brightly glowing scale mail
  7953 | D:7      | Identified the +0 scale mail of Bulemeno {MR- Dex+5} (You
                  | found it on level 7 of the Dungeon)
  8205 | D:7      | Reached skill level 8 in Summonings
  8205 | D:7      | Reached XP level 8. HP: 38/43 MP: 16/16
  8523 | D:7      | Reached skill level 9 in Summonings
  9173 | D:8      | Noticed Maurice
  9173 | D:8      | Reached skill level 10 in Summonings
  9189 | D:8      | Killed Maurice
  9417 | D:8      | Found Oliteceg's Antique Weapon Shoppe.
  9479 | D:8      | Your ally Maurice died
  9626 | D:8      | Reached skill level 11 in Summonings
  9894 | D:8      | Reached XP level 9. HP: 46/47 MP: 17/17
  9900 | D:8      | Learned a level 4 spell: Summon Lightning Spire
  9949 | D:8      | Reached skill level 1 in Air Magic
  9979 | D:8      | Reached skill level 5 in Spellcasting
  9990 | D:8      | Reached ** piety under Yredelemnul
 10166 | D:8      | Noticed Prince Ribbit
 10180 | D:8      | Killed Prince Ribbit
 10697 | D:9      | Noticed Joseph
 11017 | D:9      | Noticed a two-headed ogre
 11024 | D:9      | Killed a two-headed ogre
 11218 | D:9      | Killed Joseph
 11375 | D:9      | Noticed Pikel
 11391 | D:9      | Killed Pikel
 11391 | D:9      | Reached skill level 1 in Invocations
 11782 | D:9      | Found a staircase to the Lair.
 11832 | D:9      | Noticed a two-headed ogre
 11837 | D:9      | Your ally Pikel died
 11840 | D:9      | Killed a two-headed ogre
 11840 | D:9      | Reached XP level 10. HP: 42/52 MP: 12/22
 11861 | D:9      | Slain by a killer bee

Skill      XL: |  1  2  3  4  5  6  7  8  9 |
---------------+----------------------------+-----
Summonings     | 5 6 7 8 11 | 11.1
Spellcasting   | 3 4 7 |  7.5
Throwing       | 1 |  1.1
Ice Magic      | 2 3 4 |  4.8
Air Magic      | 3 |  3.0
Invocations    | 3 |  3.5
Fighting       | |  0.4
Short Blades   | |  0.5
Dodging        | |  2.9
Stealth        | |  2.8
Unarmed Combat | |  0.8

Action                   |  1- 3 |  4- 6 |  7- 9 | 10-12 || total
-------------------------+-------+-------+-------+-------++-------
Melee: Unarmed           |    14 |       |       |       ||    14
       Peck              |     9 |    13 |    20 |     1 ||    43
       Dagger            |    53 |   125 |       |       ||   178
       Kick              |    15 |    27 |    38 |       ||    80
       Punch             |     1 |       |     1 |       ||     2
       Spear             |       |    39 |   190 |     3 ||   232
Throw: Stone             |       |     7 |     6 |       ||    13
 Cast: Summon Small Mamm |     8 |     3 |     4 |       ||    15
       Call Imp          |    12 |    26 |    79 |     4 ||   121
       Call Canine Famil |     2 |    15 |    46 |     2 ||    65
       Summon Ice Beast  |       |       |     4 |       ||     4
       Summon Lightning  |       |       |     2 |       ||     2
Invok: Animate Remains   |       |       |    12 |       ||    12
  Use: Scroll            |       |     8 |     6 |       ||    14
       Potion            |       |       |     1 |       ||     1
 Stab: Sleeping          |     3 |     5 |     5 |       ||    13
       Distracted        |       |       |     4 |       ||     4
  Eat: Chunk             |     3 |    15 |    10 |       ||    28
       Ration            |       |     1 |     4 |       ||     5
Armor: Robe              |    22 |    45 |    27 |     1 ||    95
Dodge: Dodged            |    59 |   133 |    92 |    15 ||   299
